 Dungeon Crawl Stone Soup version 0.29-a0-541-gaf1fc19f1b (webtiles) character file.

Game seed: 11468197617354292973

3397 xian the Carver (level 9, -46/118 HPs)
             Began as a Black Draconian Berserker on June 3, 2022.
             Was an Elder of Trog.
             Annihilated by an orc knight
             ... wielding a +0 glaive
              (54 damage)
             ... in a bailey.
             The game lasted 00:29:42 (8587 turns).

xian the Carver (Black Draconian Berserker)         Turns: 8587, Time: 00:29:44

Health: -46/118    AC:  8    Str: 24    XL:     9   Next: 75%
Magic:  9/9        EV: 15    Int:  7    God:    Trog [****..]
Gold:   339        SH:  5    Dex: 17    Spells: 8/8 levels left

rFire   . . .      SeeInvis .   c - +0 great sword (holy)
rCold   . . .      Faith    .   (shield currently unavailable)
rNeg    . . .      Spirit   .   (body armour unavailable)
rPois   .          Reflect  +   (helmet restricted)
rElec   +          Harm     .   (no cloak)
rCorr   .          Rampage  .   H - +0 pair of gloves
Will    ++...                   (no boots)
Stlth   ..........              n - amulet of reflection
HPRegen 1.29/turn               w - +6 ring of dexterity
MPRegen 0.11/turn               (no ring)

@: berserking (expiring), strong-willed, regenerating, studying Maces & Flails,
very quick
A: breathe lightning, AC +7, unfitting armour, electricity resistance,
cold-blooded
a: Breathe Lightning, Renounce Religion, Berserk, Trog's Hand, Brothers in Arms


You were in a bailey.
You worshipped Trog.
Trog was greatly pleased with you.
You visited 1 branch of the dungeon, and saw 8 of its levels.
You also visited: Ossuary and Bailey.

You collected 339 gold pieces.

Inventory:

Hand Weapons
 c - a +0 great sword of holy wrath (weapon)
 p - a +2 short sword of freezing
Missiles
 s - a curare-tipped dart
 v - 3 silver javelins (quivered)
 y - a throwing net
 J - 3 silver boomerangs
Armour
 H - a +0 pair of gloves (worn)
Jewellery
 n - an amulet of reflection (around neck)
 w - a +6 ring of dexterity (left hand)
 A - a +6 ring of intelligence
Wands
 k - a wand of polymorph (7)
 u - a wand of iceblast (20)
 F - a wand of acid (6)
 I - a wand of mindburst (9)
 K - a wand of paralysis (12)
Scrolls
 d - a scroll of torment {unknown}
 f - 5 scrolls of blinking {unknown}
 h - 3 scrolls of brand weapon {unknown}
 i - a scroll of amnesia
 j - 4 scrolls of teleportation {unknown}
 r - a scroll of fog {unknown}
 C - a scroll of magic mapping {unknown}
 D - a scroll of enchant armour {unknown}
 E - a scroll of enchant weapon {unknown}
Potions
 a - a potion of ambrosia {unknown}
 b - 7 potions of lignification
 g - 2 potions of brilliance
 l - 3 potions of heal wounds
 m - 4 potions of curing {unknown}
 o - a potion of haste {unknown}
 q - a potion of cancellation {unknown}
 t - 2 potions of flight
 x - a potion of magic {unknown}
 z - 3 potions of degeneration {unknown}
 B - 2 potions of might
 G - a potion of invisibility {unknown}


   Skills:
 + Level 7.1 Fighting
 + Level 10.7 Long Blades
 + Level 0.6 Throwing
 + Level 5.7 Dodging
 + Level 3.2 Stealth
 + Level 3.0 Shields


You had 8 spell levels left.
You didn't know any spells.
Your spell library contained the following spells:

 Spells                   Type           Power      Damage    Failure   Level
 Apportation              Tloc           0%         N/A       43%         1
 Necrotize                Necr           0%         1d4       43%         1
 Summon Small Mammal      Summ           0%         N/A       43%         1
 Blink                    Tloc           0%         N/A       56%         2
 Lesser Beckoning         Tloc           0%         N/A       80%         3
 Manifold Assault         Tloc           0%         N/A       100%        5


Dungeon Overview and Level Annotations

Branches:
Dungeon (8/15)             Temple (0/1) D:7         Ossuary (visited)
 Bailey (1/1)
   Lair: D:8-11

Altars:
Cheibriados
Hepliaklqana


Innate Abilities, Weirdness & Mutations

You can breathe wild blasts of lightning.
Your glossy black scales are hard. (AC +7)
You cannot fit into any form of body armour.
You are resistant to electric shocks. (rElec)
You are cold-blooded and may be slowed by cold attacks.


Message History

The orc knight is severely wounded.
The orc warrior misses you.
The orc knight roars a battlecry!
The orc knight goes into a battle-frenzy!
The orc knight hits you with a +0 glaive!
You hit the orc knight.
The orc knight is severely wounded.
The orc warrior hits you from afar with a +0 trident!
The orc knight hits you with a +0 glaive!
The orc knight barely misses you.
You closely miss the orc knight.
The orc knight is severely wounded.
You slash the orc knight!
Your tail-slap misses the orc knight.
The orc knight is almost dead.
You block the orc warrior's attack. The orc knight closely misses you.
The orc knight hits you with a +0 glaive!
You barely miss the orc knight. You tail-slap the orc knight!
You feel the power of Trog in you as your rage grows.
You kill the orc knight!
Trog accepts your kill.
The orc warrior hits you from afar with a +0 trident!
* * * LOW HITPOINT WARNING * * *
The orc knight hits you with a +0 glaive!!
* * * LOW HITPOINT WARNING * * *
Your Fighting skill increases to level 7!
Your Shields skill increases to level 3!
You hit the orc knight.
The orc knight is lightly wounded.
The orc warrior hits you from afar with a +0 trident!
* * * LOW HITPOINT WARNING * * *
The orc knight barely misses you.
You slice the orc knight!!
The orc knight is moderately wounded.
You hit the orc knight.
The orc knight is moderately wounded.
You have got your breath back.
The orc warrior hits you from afar with a +0 trident.
* * * LOW HITPOINT WARNING * * *
The orc knight hits you with a +0 glaive!!!
You die...

##..≈≈≈≈≈≈≈..##
##..≈≈.....≈≈..##
####..≈≈..###..≈≈..##########
)....≈≈..## ##..≈≈..........#
≈≈≈≈≈≈..##.∩.##..≈))≈≈≈≈≈≈≈.#
.......##.....##...).)....≈.#
###########'###)#########.≈.#
....§...## ##.≈.# #
≈≈≈§§§≈.@# ##..≈.# ## #
≈..§§.≈≈)o# ##..≈≈.# .#'#
..⌠∩⌠..o...# #..≈≈.∩# .#'#
...⌠...§§..#+#..≈≈.## ##.##
§..§..≈≈..##.##..≈≈.# #.$.#
≈≈≈.≈≈≈..##...##..≈.# .$$..
........#'.....##.≈.#
######## ##'#############.≈.#
.......## ##)........)≈.#


You could see an orc knight (strong) and an orc warrior (strong).

Vanquished Creatures
  An orc knight (Bailey)
  A polar bear (D:8)
  Prince Ribbit (D:6)
  A steam dragon (D:8)
  An acid dragon (D:8)
  3 ice beasts
  4 orc warriors
  A black bear (D:4)
  2 ogres
  A wolf (D:8)
  A phantom (D:4)
  A kobold brigand (D:4)
  A necrophage (D:6)
  Blork the orc (D:5)
  A scorpion (D:6)
  A howler monkey (D:6)
  A wyvern simulacrum (D:8)
  A hound (D:4)
  4 orc priests
  3 jellies
  2 iguanas
  Terence (D:2)
  4 orc wizards
  13 mummies (Ossuary)
  2 killer bee simulacra (D:8)
  Robin (D:2)
  4 gnolls (D:5)
  7 adders
  A shadow imp (D:7)
  3 white imps
  A howler monkey simulacrum (D:8)
  An ufetubus (D:6)
  3 worms
  6 dart slugs
  39 orcs
  7 ball pythons
  3 endoplasms
  4 giant cockroaches
  14 goblins
  10 hobgoblins
  5 jackals (D:2)
  A quokka (D:3)
  3 bats
  2 frilled lizards
  3 gnoll skeletons (Ossuary)
  2 goblin skeletons (Ossuary)
  A hobgoblin zombie (D:6)
  7 kobolds
  2 kobold skeletons (Ossuary)
  An orc skeleton (Ossuary)
  5 rats
  11 rat skeletons (Ossuary)
200 creatures vanquished.

Notes
Turn   | Place    | Note
-------+----------+-------------------------------------------
     0 | D:1      | xian the Draconian Berserker began the quest for the Orb.
     0 | D:1      | Reached XP level 1. HP: 19/19 MP: 1/1
     5 | D:1      | Found a faded altar of an unknown god.
   136 | D:1      | Reached XP level 2. HP: 25/26 MP: 2/2
  1184 | D:2      | Reached XP level 3. HP: 29/33 MP: 3/3
  1227 | D:2      | Noticed Terence
  1236 | D:2      | Killed Terence
  1409 | D:2      | Reached XP level 4. HP: 11/40 MP: 4/4
  1878 | D:2      | Noticed Robin
  1888 | D:2      | Reached skill level 4 in Long Blades
  1893 | D:2      | Reached ** piety under Trog
  1896 | D:2      | Killed Robin
  2629 | D:3      | Reached XP level 5. HP: 25/46 MP: 5/5
  3315 | D:4      | Reached skill level 5 in Long Blades
  3315 | D:4      | Reached XP level 6. HP: 53/53 MP: 6/6
  4002 | D:4      | Reached skill level 1 in Shields
  4221 | D:5      | Entered Level 5 of the Dungeon
  4277 | D:5      | Your scales start taking on a glossy black colour.
  4277 | D:5      | Reached XP level 7. HP: 60/60 MP: 7/7
  4277 | D:5      | Gained mutation: You are resistant to electric shocks.
                  | (rElec) [Black Draconian growth]
  4278 | D:5      | Reached skill level 5 in Fighting
  4316 | D:5      | Reached skill level 6 in Long Blades
  4316 | D:5      | Reached skill level 1 in Stealth
  4478 | D:5      | Reached *** piety under Trog
  4647 | D:5      | Noticed Blork the orc
  4652 | D:5      | Killed Blork the orc
  4862 | D:5      | Reached skill level 7 in Long Blades
  5620 | D:6      | Reached XP level 8. HP: 68/69 MP: 8/8
  5857 | D:6      | Found a sand-covered staircase.
  5870 | Ossuary  | Entered an ossuary
  6322 | D:6      | Reached skill level 8 in Long Blades
  6555 | D:6      | Found a hazy altar of Hepliaklqana.
  6561 | D:6      | Found a snail-covered altar of Cheibriados.
  6662 | D:6      | Noticed Prince Ribbit
  6678 | D:6      | Killed Prince Ribbit
  6679 | D:6      | Reached skill level 9 in Long Blades
  6840 | D:7      | Reached XP level 9. HP: 42/77 MP: 9/9
  7366 | D:7      | Found a staircase to the Ecumenical Temple.
  7722 | D:8      | Noticed a polar bear
  7729 | D:8      | Killed a polar bear
  7730 | D:8      | Reached skill level 5 in Dodging
  7870 | D:8      | Reached skill level 10 in Long Blades
  7983 | D:8      | Reached **** piety under Trog
  7985 | D:8      | Found a flagged portal.
  7997 | Bailey   | Entered a bailey
  8122 | Bailey   | Noticed an orc knight
  8218 | Bailey   | Noticed an orc knight
  8223 | Bailey   | HP: 2/78 [bounced beam (9)]
  8584 | Bailey   | Killed an orc knight
  8587 | Bailey   | Annihilated by an orc knight

Illustrated notes

Levels and vault maps discovered:
D:1:      scummos_arrival_hexagon, layout_basic, ebering_ecumenical_altar_rust,
          st_stairs_8, serial_bayou_pond_a
D:2:      layout_basic, uniq_terence, uniq_robin
D:3:      layout_loops_ring
D:4:      black_bear_nest_2, layout_loops_ring, minmay_manual_macuahuitl
D:5:      layout_layer_cave, uniq_blork_the_orc
D:6:      layout_loops_cross, grunt_temple_overflow_open, enter_ossuary_3,
          uniq_prince_ribbit1
D:7:      layout_loops_ring, minmay_temple_entry_statues,
          minmay_misc_feat_tower, minmay_misc_feat_iff,
          minmay_misc_feat_nine_boxes
D:8:      layout_loops_ring, serial_ice, serial_ice_i, serial_ice_e,
          serial_ice_o, serial_ice_m, serial_ice_g, serial_ice_n, enter_bailey_3
Bailey:   bailey_polearm_1, bailey

Skill      XL: |  1  2  3  4  5  6  7  8  9 |
---------------+----------------------------+-----
Dodging        | 3 4 5 |  5.7
Fighting       | 4 5 6 7 |  7.1
Long Blades    | 4 5 7 9 10 | 10.7
Shields        | 1 2 3 |  3.0
Stealth        | 1 2 3 |  3.2
Throwing       | |  0.6

Action                   |  1- 3 |  4- 6 |  7- 9 || total
-------------------------+-------+-------+-------++-------
Melee: Falchion          |    21 |       |       ||    21
       Tailslap          |     4 |    25 |    31 ||    60
       Great sword       |    53 |   177 |   217 ||   447
Throw: Javelin           |       |     1 |     3 ||     4
Invok: Berserk           |     1 |     5 |     8 ||    14
       Trog's Hand       |       |     2 |     7 ||     9
 Abil: Breathe Lightning |       |       |    12 ||    12
  Use: Scroll            |       |       |     8 ||     8
       Potion            |       |       |     2 ||     2
 Stab: Sleeping          |       |       |    10 ||    10
Armor: Skin              |    34 |    82 |    56 ||   172
Dodge: Dodged            |    70 |   147 |   169 ||   386
Block: Other             |       |    33 |    47 ||    80
       Reflection        |       |     2 |     2 ||     4

Table legend: (Time is in decaauts)
 A = Elapsed time spent in this place.
 B = Non-inter-level travel time spent in this place.
 C = Inter-level travel time spent in this place.
 D = Time resting spent in this place.
 E = Time spent auto-exploring this place.
 F = Levels seen in this place.
 G = Mean time per level.
                   A        B        C        D        E       F      G
               +--------+--------+--------+--------+--------+-----+--------+
         Total |   8872 |   8671 |    201 |    752 |   5058 |  10 |  887.2 |
       Dungeon |   7859 |   7658 |    201 |    433 |   4956 |   8 |  982.4 |
       Ossuary |    415 |    415 |      0 |      0 |    102 |   1 |  415.0 |
        Bailey |    597 |    597 |      0 |    319 |      0 |   1 |  597.0 |
               +--------+--------+--------+--------+--------+-----+--------+

Top non-repeatable levels by time:
     D:5: 1470 daAuts
     D:2: 1284 daAuts
     D:4: 1081 daAuts
     D:3: 1023 daAuts
     D:1: 969 daAuts
     D:7: 901 daAuts
     D:6: 818 daAuts
  Bailey: 597 daAuts
 Ossuary: 415 daAuts
     D:8: 308 daAuts
